 Dungeon Crawl Stone Soup version 0.18-a0-1060-g4fac74f (webtiles) character file.

44612 Duffy the Slicer (level 13, -5/82 HPs)
             Began as a Deep Elf Berserker on Jan 12, 2016.
             Was a High Priest of Trog.
             Slain by a merfolk
             ... wielding a +2 trident of freezing
              (6 damage)
             ... on level 6 of the Lair of Beasts.
             The game lasted 00:33:31 (24532 turns).

Duffy the Slicer (Deep Elf Berserker)              Turns: 24532, Time: 00:33:32

Health: -5/82      AC: 18    Str: 14    XL:     13   Next: 97%
Magic:  15/15      EV: 18    Int: 17    God:    Trog [*****.]
Gold:   738        SH:  5    Dex: 18    Spells: 0 memorised, 12 levels left

rFire  . . .     SeeInvis .     d - +5 short sword (drain)
rCold  . . .     Gourm    +     z - +0 scale mail
rNeg   . . .     Faith    .     m - +0 buckler
rPois  .         Spirit   .     h - +2 hat {Int+3}
rElec  .         Dismiss  .     W - +0 cloak
rCorr  .         Reflect  .     a - +2 pair of gloves
SustAt .         Harm     .     j - +2 pair of boots
MR     +....                    L - amulet of the gourmand
Stlth  ..........               V - ring of loudness (curse)
                                (no ring)

@: lethally poisoned (-5 -> -25), somewhat resistant to hostile enchantments,
extremely unstealthy
A: no striking features
a: Berserk, Trog's Hand, Brothers in Arms, Burn Spellbooks, Renounce Religion


You were on level 6 of the Lair of Beasts.
You worshipped Trog.
Trog was extremely pleased with you.
You were very full.

You visited 2 branches of the dungeon, and saw 16 of its levels.
You also visited: Ice Cave.

You collected 1058 gold pieces.
You spent 320 gold pieces at shops.


   Skills:
 - Level 10.0 Fighting
 + Level 14.2 Short Blades
 - Level 9.4 Armour
 - Level 13.4 Dodging
 - Level 4.0 Shields


You had 12 spell levels left.
You didn't know any spells.

Inventory:

Hand Weapons
 d - a +5 short sword of draining (weapon)
 i - a +2 dagger of venom
 u - a +1 blowgun
 Q - the +3 quick blade of Perfectionism {flame, *Confuse MR+++ Dex+9 Stlth+}

   It has been specially enchanted to burn those struck by it, causing extra
   injury to most foes and up to half again as much damage against particularly
   susceptible opponents.
   It affects your dexterity (+9).
   It affects your resistance to hostile enchantments.
   It may confuse you when you take damage.
   It makes you more stealthy.
 X - the +5 rapier of the Ass {pierce, rPois Str-3 Int+2}

   It inflicts extra damage upon your enemies.
   It affects your strength (-3).
   It affects your intelligence (+2).
   It protects you from poison.
Missiles
 v - 19 poisoned needles
 x - 4 throwing nets (quivered)
 I - 9 tomahawks
Armour
 a - a +2 pair of gloves (worn)
 h - a +2 hat of intelligence (worn)
 j - a +2 pair of boots (worn)
 m - a +0 buckler (worn)
 z - a +0 scale mail (worn)
 H - the +7 chain mail "Ximoel" {+Blink rPois rC-}

   It makes you vulnerable to cold.
   It protects you from poison.
   It lets you blink.
 R - a troll hide
 W - a +0 cloak (worn)
Jewellery
 k - an uncursed ring of ice
 B - an uncursed ring of teleportation
 K - an uncursed ring of flight
 L - an amulet of the gourmand (around neck)
 T - a +5 ring of strength
 V - a cursed ring of loudness (right hand)
Wands
 t - a wand of teleportation (6/9)
 P - a wand of confusion (9/48)
 U - a wand of polymorph (12/24)
 Y - a wand of flame (9/48)
 Z - a wand of cold (8/15)
Scrolls
 g - 4 scrolls of magic mapping
 o - 5 scrolls of teleportation
 r - 6 scrolls of blinking
 y - 3 scrolls of recharging
 C - 9 scrolls of remove curse
 D - 2 scrolls of enchant weapon
Potions
 e - 2 potions of heal wounds
 n - 5 potions of curing
 q - 2 potions of magic
 s - 3 potions of might {unknown}
 w - 4 potions of resistance
 A - 4 potions of ambrosia
 E - 4 potions of lignification
 F - 5 potions of flight {unknown}
 G - 6 potions of agility
 J - a potion of beneficial mutation {unknown}
 M - 2 potions of brilliance {unknown}
 N - 3 potions of haste
 O - 7 potions of berserk rage
 S - 2 potions of cure mutation {unknown}
Comestibles
 b - 2 fruits
 c - 12 bread rations
 f - 5 meat rations

Dungeon Overview and Level Annotations

Branches:
Dungeon (10/15)            Temple (0/1) D:7            Lair (6/8) D:10
 Shoals (0/4) Lair:6        Snake (0/4) Lair:3          Orc (0/2) D:10
  Slime: Lair:6-8

Altars:
Ashenzari
Cheibriados
Dithmenos
Elyvilon
Fedhas
Kikubaaqudgha
Makhleb
Nemelex Xobeh
Qazlal
Sif Muna
Vehumet
Yredelemnul
The Shining One

Shops:
D:5 (   D:6 !

Annotations:
Lair:3 Nergalle


Message History

The sea snake bites you but does no damage.
A blink frog comes into view.
You feel very sick.
The blink frog gives a loud, deep croak!
The sea snake barely misses you. The merfolk completely misses you.
You feel very sick.
The sea snake bites you but does no damage.
The merfolk hits you with a trident of freezing.
The merfolk freezes you.
A blink frog comes into view.
You feel sick.
The blink frog croaks.
The sea snake barely misses you. The merfolk completely misses you.
The sea snake bites you but does no damage.
A blink frog comes into view.
You feel very sick.
The blink frog gives a loud, deep croak!
The blink frog blinks!
The merfolk hits you but does no damage.
The sea snake bites you but does no damage.
A blink frog comes into view.
You feel very sick.
The blink frog croaks.
The sea snake barely misses you.
The merfolk hits you but does no damage.
The blink frog blinks!
A blink frog comes into view.
You feel sick.
The blink frog gives a loud, deep croak!
You block the blink frog's attack. The sea snake barely misses you.
The blink frog hits you!
The merfolk hits you but does no damage.
You feel sick. The sea snake misses you.
The blink frog blinks! x2
The merfolk hits you with a trident of freezing.
You die...

,,,,*~~~*~>~*~~~##P...P..........
,,,,*~~~*~~~*~~~#................
,,,**~****~+***~####.P.%.........
,,,,**~~~*~*~~~#####.#.#.........
,,,,,*~~~***~~~#.................
,,,,,*~~~*,*~~~#.................
,,,,,+***#.#####.............(...
,,,,,,,,,..F......PP....#........
,,,,,,,,,.....00@P...............
,*,,,,,,,..#...S.mP.#....P#......
*,*,,,,,,.......#...#...P....#...
,,,,,,,,,...F......F.............
,,,,,,,,,..F.....#.P........#....
,,,,,,,,,........,...............
,,*,,,,,,..P#..."*#..............
,,,,,,,,,.......,,,.....,,.......
,,,,,,,,,,,,,,,,,,,*,,,,,,,......


You could see a sea snake, a merfolk and 4 blink frogs.

Action                   |  1- 3 |  4- 6 |  7- 9 | 10-12 | 13-15 || total
-------------------------+-------+-------+-------+-------+-------++-------
Melee: Short sword       |    93 |       |       |   273 |   838 ||  1204
       Dagger            |    79 |    72 |   658 |   215 |       ||  1024
       Rapier            |       |       |     3 |   705 |       ||   708
Invok: Berserk           |     1 |     2 |    11 |    24 |     6 ||    44
       Trog's Hand       |       |     1 |       |     1 |     2 ||     4
       Burn Spellbooks   |       |       |       |     5 |       ||     5
       Brothers in Arms  |       |       |       |       |     2 ||     2
  Use: Scroll            |       |     4 |     5 |     3 |     5 ||    17
       Potion            |       |       |     1 |       |       ||     1
 Stab: Sleeping          |     1 |       |       |       |       ||     1
       Distracted        |       |       |       |       |     1 ||     1
  Eat: Chunk             |     6 |     6 |    26 |    43 |    21 ||   102
       Fruit             |       |       |    10 |     1 |       ||    11
       Pizza             |       |       |       |     2 |       ||     2
       Royal jelly       |       |       |       |     2 |       ||     2
       Bread ration      |       |       |       |     2 |       ||     2
       Beef jerky        |       |       |       |     1 |       ||     1
       Meat ration       |       |       |       |     1 |       ||     1

Notes
Turn   | Place    | Note
--------------------------------------------------------------
     0 | D:1      | Duffy the Deep Elf Berserker began the quest for the Orb.
     0 | D:1      | Reached XP level 1. HP: 13/13 MP: 3/3
   303 | D:1      | Reached XP level 2. HP: 13/18 MP: 4/4
  1191 | D:1      | Reached skill level 3 in Fighting
  1539 | D:2      | Reached XP level 3. HP: 19/23 MP: 5/5
  1793 | D:2      | Reached ** piety under Trog
  2393 | D:2      | Reached skill level 4 in Short Blades
  2608 | D:2      | Found a basalt altar of Yredelemnul.
  2608 | D:2      | Found a shadowy altar of Dithmenos.
  2618 | D:2      | Reached XP level 4. HP: 24/28 MP: 6/6
  2864 | D:3      | Noticed Grinder
  2866 | D:3      | Paralysed by Grinder for 2 turns
  2886 | D:3      | Killed Grinder
  2886 | D:3      | Reached skill level 4 in Fighting
  2886 | D:3      | Reached skill level 5 in Short Blades
  2886 | D:3      | Reached XP level 5. HP: 33/33 MP: 7/7
  3081 | D:3      | Found a burning altar of Makhleb.
  3235 | D:3      | Reached XP level 6. HP: 38/38 MP: 8/8
  3294 | D:3      | Noticed Natasha
  3301 | D:3      | Killed Natasha
  3471 | D:4      | Noticed an air elemental
  3472 | D:4      | Found a stormy altar of Qazlal.
  3477 | D:4      | Noticed a water elemental
  3478 | D:4      | Noticed a fire elemental
  3483 | D:4      | Noticed a sky beast
  3496 | D:4      | Killed a sky beast
  3964 | D:4      | Noticed a slave
  3991 | D:4      | Reached skill level 6 in Short Blades
  3993 | D:4      | Reached skill level 5 in Fighting
  3993 | D:4      | Reached XP level 7. HP: 34/44 MP: 9/9
  4063 | D:4      | Noticed Pikel
  4080 | D:3      | Noticed Natasha
  4087 | D:3      | Killed Natasha
  4092 | D:3      | Killed Pikel
  4092 | D:3      | Reached skill level 7 in Short Blades
  4130 | D:3      | Noticed Natasha
  4147 | D:3      | Killed Natasha
  4147 | D:3      | Reached *** piety under Trog
  4147 | D:3      | Reached skill level 6 in Fighting
  4147 | D:3      | Reached XP level 8. HP: 17/51 MP: 10/10
  4674 | D:4      | Got a warped chain mail
  4882 | D:5      | Entered Level 5 of the Dungeon
  4882 | D:5      | Noticed Blork the orc
  5153 | D:5      | Found Gadghael's Weapon Shoppe.
  5191 | D:5      | Found a blossoming altar of Fedhas.
  5297 | D:5      | Killed Blork the orc
  5439 | D:5      | Found an ancient bone altar of Kikubaaqudgha.
  5521 | D:5      | Identified the +7 chain mail "Ximoel" {+Blink rPois rC-} (You found it on level 4 of the Dungeon)
  6160 | D:6      | Reached skill level 8 in Short Blades
  6182 | D:6      | Found Daub's Distillery.
  6249 | D:6      | Bought a potion of curing for 30 gold pieces
  6360 | D:6      | Bought a potion of resistance for 100 gold pieces
  6360 | D:6      | Bought a potion of heal wounds for 50 gold pieces
  6360 | D:6      | Bought a potion of haste for 100 gold pieces
  6360 | D:6      | Bought a potion of degeneration for 10 gold pieces
  6444 | D:6      | Reached skill level 7 in Fighting
  7561 | D:7      | Reached skill level 8 in Fighting
  7561 | D:7      | Reached XP level 9. HP: 59/59 MP: 11/11
  7822 | D:7      | Found a shattered altar of Ashenzari.
  7822 | D:7      | Found a sparkling altar of Nemelex Xobeh.
  7824 | D:7      | Found a snail-covered altar of Cheibriados.
  7826 | D:7      | Found a radiant altar of Vehumet.
  7836 | D:7      | Found a glowing golden altar of the Shining One.
  7878 | D:7      | Found a staircase to the Ecumenical Temple.
  8003 | D:7      | Found a deep blue altar of Sif Muna.
  8198 | D:7      | Found a white marble altar of Elyvilon.
  8254 | D:7      | Reached **** piety under Trog
  8772 | D:7      | Reached skill level 9 in Fighting
  8953 | D:8      | Found a blossoming altar of Fedhas.
 10101 | D:6      | Bought a potion of lignification for 30 gold pieces
 10529 | D:9      | Reached skill level 10 in Fighting
 10600 | D:9      | Got a dazzling rapier
 10601 | D:9      | Identified the +5 rapier of the Ass {pierce, rPois Str-3 Int+2} (You found it on level 9 of the Dungeon)
 10660 | D:9      | Reached skill level 2 in Armour
 10660 | D:9      | Reached skill level 3 in Dodging
 11056 | D:9      | Reached skill level 4 in Dodging
 11177 | D:9      | Reached XP level 10. HP: 49/68 MP: 12/12
 11412 | D:9      | Reached skill level 3 in Armour
 11433 | D:9      | Reached skill level 5 in Dodging
 12197 | D:10     | Entered Level 10 of the Dungeon
 12311 | D:10     | Reached skill level 4 in Armour
 12311 | D:10     | Reached skill level 6 in Dodging
 12894 | D:10     | Reached skill level 7 in Dodging
 13489 | D:10     | Found a staircase to the Lair.
 13525 | D:10     | Reached skill level 5 in Armour
 13701 | D:10     | Found a staircase to the Orcish Mines.
 13720 | D:10     | Reached skill level 9 in Short Blades
 14031 | Lair:1   | Entered Level 1 of the Lair of Beasts
 14067 | Lair:1   | Reached ***** piety under Trog
 14115 | Lair:1   | Reached skill level 8 in Dodging
 14236 | Lair:1   | Noticed a spiny frog
 14252 | Lair:1   | Killed a spiny frog
 14280 | Lair:1   | Noticed a spiny frog
 14291 | Lair:1   | Killed a spiny frog
 14291 | Lair:1   | Reached XP level 11. HP: 67/72 MP: 13/13
 14536 | Lair:1   | Noticed a four-headed hydra
 14544 | Lair:1   | Killed a four-headed hydra
 14599 | Lair:1   | Reached skill level 6 in Armour
 14940 | Lair:1   | Noticed a seven-headed hydra
 14968 | Lair:1   | Killed a seven-headed hydra
 14968 | Lair:1   | Reached skill level 9 in Dodging
 15371 | Lair:1   | Received a gift from Trog
 15836 | Lair:2   | Noticed kae's ghost (journeyman TeFE)
 16087 | Lair:2   | Reached skill level 7 in Armour
 16091 | Lair:3   | Found a staircase to the Snake Pit.
 16111 | Lair:3   | Reached skill level 10 in Dodging
 16622 | Lair:3   | Noticed Gastronok
 16638 | Lair:3   | Killed Gastronok
 16638 | Lair:3   | Reached skill level 10 in Short Blades
 16774 | Lair:2   | Reached skill level 11 in Dodging
 16797 | Lair:2   | Killed kae's ghost
 16797 | Lair:2   | Reached XP level 12. HP: 59/77 MP: 4/14
 17334 | Lair:2   | Reached skill level 8 in Armour
 17817 | Lair:2   | Noticed a five-headed hydra
 17830 | Lair:2   | Killed a five-headed hydra
 18325 | Lair:3   | Reached skill level 12 in Dodging
 18524 | Lair:3   | Noticed Nergalle
 18765 | Lair:4   | Received a gift from Trog
 19112 | Lair:4   | Noticed a death yak
 19135 | Lair:4   | Noticed a death yak
 19135 | Lair:4   | Noticed a death yak
 19146 | Lair:4   | Killed a death yak
 19158 | Lair:4   | Killed a death yak
 19166 | Lair:4   | Killed a death yak
 19166 | Lair:4   | Reached skill level 9 in Armour
 19294 | Lair:4   | Noticed a four-headed hydra
 19307 | Lair:4   | Killed a four-headed hydra
 19314 | Lair:4   | Reached skill level 13 in Dodging
 19531 | Lair:4   | Reached skill level 11 in Short Blades
 20087 | Lair:4   | Reached skill level 1 in Shields
 20232 | Lair:4   | Reached XP level 13. HP: 82/82 MP: 15/15
 20305 | Lair:4   | Reached skill level 2 in Shields
 20388 | Lair:4   | Reached skill level 3 in Shields
 20478 | Lair:5   | Reached skill level 4 in Shields
 20682 | Lair:4   | Received a gift from Trog
 20683 | Lair:4   | Got a shimmering quick blade {god gift}
 20684 | Lair:4   | Identified the +3 quick blade of Perfectionism {flame, *Confuse MR+++ Dex+9 Stlth+} (Trog gifted it to you on level 4 of the Lair of Beasts)
 21593 | Lair:6   | Noticed Snorg
 21609 | Lair:5   | Killed Snorg
 21652 | Lair:6   | Found a frozen archway.
 21653 | Lair:6   | Noticed Oozefury's ghost (journeyman DrTm)
 21734 | Lair:6   | Killed Oozefury's ghost
 21734 | Lair:6   | Reached skill level 12 in Short Blades
 21867 | IceCv    | Entered an ice cave
 22521 | IceCv    | Reached skill level 13 in Short Blades
 22755 | IceCv    | Noticed a frost giant
 22767 | IceCv    | Killed a frost giant
 24036 | Lair:6   | Reached skill level 14 in Short Blades
 24532 | Lair:6   | Slain by a merfolk

Vault maps used:
D:1:      lemuel_arrival_room
D:2:      gammafunk_temple_overflow_statue
D:3:      lemuel_round_altar, minmay_misc_feat_tower, uniq_grinder, uniq_natasha
D:4:      nicolae_qazlal_style_of_elements, first_bread, minmay_misc_feat_roman,
          corexii_leaking_fountain, uniq_pikel
D:5:      lemuel_doored_altar, kiku_gazebo_garden_becter, serial_shops,
          kennysheep_little_box, uniq_blork_the_orc
D:6:      serial_shops, shop_fountains
D:7:      grunt_temple_overflow_open, kennysheep_mini_moat, lemuel_round_altar,
          minmay_temple_entry_grid, serial_curves, eino_curves_03,
          eino_curves_02
D:8:      fedhas_altar_fruit_tree
D:9:      boulder_indie, the_bakery
D:10:     david_lair_shrubbed, orc_0_dummy
Lair:1:   grunt_megastairs_2, infiniplex_staircase_pool
Lair:2:   eino_house_with_fridge
Lair:3:   minmay_snake_entry_guardpost_small, columned_hall_lemuel,
          uniq_gastronok, uniq_nergalle
Lair:4:   grunt_megastairs_1
Lair:5:   minmay_lair_oklob_items, serial_bayou_lagoon_a, serial_bayou_shore_b
Lair:6:   elwin_shoals_entry_rooms, portal_ice_cave_entry_animals_and_master,
          cheibrodos_lair_caveside_slide, serial_bayou_shore_a,
          lemuel_fruit_fields, uniq_snorg
IceCv:    ice_cave_small_giant

Vanquished Creatures
  Gastronok
  A frost giant
  The ghost of Oozefury the Nimble, a journeyman DrTm of Cheibriados
  The ghost of kae the Arsonist, a journeyman TeFE of Vehumet Snorg
  6 hydras
  An ice dragon
  3 death yaks
  A necromancer Pikel
  An oklob plant
  A griffon
  3 elephants
  An ice statue
  9 spiny frogs
  2 komodo dragons
  A fire drake
  2 trolls
  18 polar bears
  13 blink frogs Grinder
  A spriggan
  44 yaks
  A hungry ghost
  3 basilisks
  5 hippogriffs
  A steam dragon
  36 wolves
  4 nagas
  8 water moccasins
  10 porcupines
  6 ice beasts
  3 sky beasts
  4 orc warriors
  3 ogres
  4 phantoms
  A necrophage
  12 crocodiles
  2 centaurs Blork the orc
  13 giant frogs
  A scorpion
  15 killer bees
  3 wights
  2 electric eels
  4 crimson imps
  3 jellies
  2 quasits
  A centaur zombie
  6 hounds
  6 orc wizards
  6 orc priests
  Natasha (thrice)
  8 iguanas
  6 worker ants
  2 polar bear simulacra
  5 yak simulacra
  9 sheep
  A killer bee zombie
  A wolf simulacrum
  2 hound zombies
  2 hound skeletons
  A worker ant zombie
  4 gnolls
  6 adders
  67 river rats
  An ooze
  3 adder zombies
  3 worms
  2 giant geckos
  23 orcs
  5 bats
  4 giant cockroaches
  4 hobgoblins
  10 jackals
  12 kobolds
  3 quokkas
  7 giant newts
  4 goblins
  6 rats
  3 river rat simulacra
  6 fungi
  7 plants
500 creatures vanquished.
